[Event "Early-Titled-Tuesday-Blitz-October-24-2023"]
[Site "Chess.com"]
[Date "2023.10.24"]
[Round "3"]
[White "BigAl"]
[Black "Flaccidmoves"]
[Result "0-1"]
[WhiteElo "2558"]
[BlackElo "2413"]
[TimeControl "180+1"]
[EndTime "8:27:36 PDT"]
[Termination "Flaccidmoves won by checkmate"]

1. e4 g6 2. d4 Bg7 3. Nc3 d6 4. Be3 a6 5. Qd2 b5 6. a4 b4 7. Nce2 Bb7 8. Ng3 c5 9. c3 Nf6 10. f3 h5 11. dxc5 bxc3 12. bxc3 h4 13. N3e2 d5 14.
e5 Nh5 15. f4 e6 16. Nd4 Nc6 17. Ngf3 Bh6 18. Nxc6 Bxc6 19. Nd4 Qc7 20. Be2 Ng7 21. O-O Nf5 22. Nxf5 gxf5 23. Bf3 Rg8 24. Kh1 Ke7 25. Rfb1 h3 26. g3 d4 27. cxd4 Bxf3+ 28. Kg1 Bd5 29. Rb6 Rgb8 30. Qb4 Kf8 31. Rb1 Rc8 32. c6+ Kg8 33.
a5 Bf8 34. Qe1 Rcb8 35. g4 fxg4 36. Qg3 Bf3 37. f5 exf5 38. Qf4 Bg7 39. e6 Qxf4 40. Bxf4 Re8 41. d5 Bd4+ 42. Kf1 fxe6 43. d6 e5 44. Bg5 f4 45. d7 Rf8 46. c7 g3 47.
Ke1 g2 48. Kd2 Be3+ 49. Kc2 Be4+ 50. Kc3 Bxb6 51. axb6 Bxb1 52. d8=Q Rfxd8 53. Bxd8 g1=Q 54. b7 Qc5+ 55. Kb2 Qc2+ 56. Ka3 Qc3+ 57. Ka4 Bc2# 0-1

[Event "Early-Titled-Tuesday-Blitz-October-24-2023"]
[Site "Chess.com"]
[Date "2023.10.24"]
[Round "3"]
[White "HATilay"]
[Black "falzehope0"]
[Result "1-0"]
[WhiteElo "2557"]
[BlackElo "2334"]
[TimeControl "180+1"]
[EndTime "8:27:36 PDT"]
[Termination "HATilay won on time"]

1. e4 d5 2. exd5 Nf6 3. Nf3 Qxd5 4. Nc3 Qh5 5. Be2 Bg4 6. h3 Nc6 7. d4 O-O-O 8. O-O e5 9. d5 e4 10. hxg4 Nxg4 11. Nh4 f5 12. g3 g5 13. Bxg4 fxg4 14. Nxe4 gxh4 15. Nf6 Qg6 16. Qxg4+ Qxg4 17. Nxg4 Rxd5 18.
gxh4 Rg8 19. Bg5 Be7 20. f4 Rd2 21. Kh1 Rxc2 22. Rac1 Rxc1 23. Rxc1 Bd6 24. Rf1 Re8 25. f5 Rf8 26. f6 Nd8 27. Nh6 Nf7 28. Nf5 Kd7 29. Kg2 Ke6 30. Kh3 Ne5 31. Re1 Kd7 32. Nh6 Nf7 33. Ng4 Rg8 34. Be3 h5 35. Nh6 Rg3+ 36.
Kh2 Rxe3+ 37. Kg1 Rxe1+ 38. Kf2 1-0

[Event "Early-Titled-Tuesday-Blitz-October-24-2023"]
[Site "Chess.com"]
[Date "2023.10.24"]
[Round "3"]
[White "Politov_Pavel"]
[Black "KorolDimitriy75"]
[Result "0-1"]
[WhiteElo "2052"]
[BlackElo "2338"]
[TimeControl "180+1"]
[EndTime "8:27:36 PDT"]
[Termination "KorolDimitriy75 won by resignation"]

1. d4 Nf6 2. c4 c5 3. d5 b5 4.
cxb5 a6 5. bxa6 g6 6. Nc3 Bxa6 7. Nf3 d6 8. e4 Bxf1 9. Kxf1 Bg7 10. g3 Nbd7 11. Kg2 O-O 12. a4 Qb8 13. Ra3 Qb4 14. Re1 Nb6 15. e5 dxe5 16. Nxe5 Nbxd5 17. Nxd5 Qb7 18. Rd3 e6 19. Nc4 exd5 20. Na3 d4+ 21. Kg1 Nd5 22. Qf3 Rxa4 23. Rb3 Qa8 24. Nb5 Nb4 25. Qxa8 Rfxa8 26. Nc7 Rc8 27. Nb5 c4 28. Rf3 Nd3 29. Re7 Rf8 30. Nd6 Ra1 31.
Nxf7 Rxc1+ 32. Kg2 Ne1+ 33. Rxe1 Rxe1 34. Nh6+ Bxh6 35.
Rxf8+ Bxf8 0-1

[Event "Early-Titled-Tuesday-Blitz-October-24-2023"]
[Site "Chess.com"]
[Date "2023.10.24"]
[Round "3"]
[White "Pumpkin_in_moonlight"]
[Black "scarabee43"]
[Result "0-1"]
[WhiteElo "2374"]
[BlackElo "2804"]
[TimeControl "180+1"]
[EndTime "8:27:37 PDT"]
[Termination "scarabee43 won on time"]

1. e4 c5 2. Nf3 e6 3. c3 d5 4.
exd5 Qxd5 5. d4 Nf6 6. Na3 Nc6 7.
Be3 cxd4 8. Nb5 Qd7 9. Nbxd4 Bd6 10. Bb5 O-O 11. O-O Rd8 12. Nxc6 bxc6 13. Be2 c5 14. c4 Bb7 15. Qc2 h6 16. Rfd1 Qc7 17. h3 a5 18. Bd2 Ne4 19. Be1 Qc6 20. Bd3 Ng5 21. Be2 a4 22. h4 Ne4 23. Bf1 Be7 24. a3 Bf6 25. Rab1 e5 26. Nd2 Nxd2 27. Bxd2 Bxh4 28. Qf5 Qe4 29. Qxe4 Bxe4 30. Rbc1 Bg6 31.
Be3 Bg5 32. Bxg5 hxg5 33. f3 e4 34. fxe4 Bxe4 35. Kf2 f5 36. Be2 g4 37. Ke3 Bxg2 38.
Kf4 g6 39. Rg1 Bc6 40. Rcd1 Kg7 41. Kg5 Re8 42. Rde1 Re3 0-1

[Event "Early-Titled-Tuesday-Blitz-October-24-2023"]
[Site "Chess.com"]
[Date "2023.10.24"]
[Round "3"]
[White "JimDiGrease"]
[Black "Predator0608"]
[Result "1-0"]
[WhiteElo "2877"]
[BlackElo "2502"]
[TimeControl "180+1"]
[EndTime "8:27:37 PDT"]
[Termination "JimDiGrease won by checkmate"]

1. d4 d5 2. c4 e6 3. Nf3 Nf6 4. Qc2 Be7 5. cxd5 exd5 6. Bf4 c6 7.
e3 O-O 8. Nc3 Re8 9. Bd3 Bg4 10.
Ne5 Bh5 11. Rb1 Bg6 12. b4 Nbd7 13. O-O Nxe5 14. Bxe5 Nd7 15. Bg3 Nb6 16. b5 Nc4 17. Qe2 Qa5 18. Rb3 Bxd3 19. Qxd3 Bb4 20. bxc6 bxc6 21. Nb1 Bd6 22. Bxd6 Nxd6 23. Nd2 Rab8 24. Qc2 Rxb3 25. axb3 Qb5 26. Rc1 Rc8 27. h3 h6 28.
Nf3 Rc7 29. Ne5 Nb7 30. Qf5 f6 31. Qe6+ Kh7 32. Rxc6 Rxc6 33. Nxc6 Qxb3 34. Ne7 Qb1+ 35. Kh2 h5 36. h4 Kh6 37. Qxd5 Qb6 38. g3 Kh7 39.
Qg8+ Kh6 40. Qh8# 1-0

[Event "Early-Titled-Tuesday-Blitz-October-24-2023"]
[Site "Chess.com"]
[Date "2023.10.24"]
[Round "3"]
[White "MaxLeto"]
[Black "AnaKuchava"]
[Result "1-0"]
[WhiteElo "2553"]
[BlackElo "2242"]
[TimeControl "180+1"]
[EndTime "8:27:37 PDT"]
[Termination "MaxLeto won by resignation"]

1. g4 d5 2. Bg2 c5 3. c4 d4 4. h3 e5 5. d3 Nc6 6. Nf3 Bd6 7. Ng5 Nf6 8. Nd2 h5 9. gxh5 Rxh5 10.
Nde4 Nxe4 11. Nxe4 Be6 12. Bd2 f5 13. Nxd6+ Qxd6 14. Qa4 Bd7 15. h4 O-O-O 16. a3 Kb8 17. Bg5 Re8 18. b4 e4 19. bxc5 Qxc5 20. O-O Ne5 21. Qb3 Ng6 22. Rab1 Bc6 23. dxe4 fxe4 24. a4 Nxh4 25.
Bxh4 Rxh4 26. Qg3+ Qe5 27. Qxh4 Bxa4 28. Qg3 Bc6 29. Qxe5+ Rxe5 30. e3 d3 31. f4 exf3 32.
Bxf3 Rg5+ 33. Kf2 Rf5 34. Kg3 Bxf3 35. Rxf3 Rc5 36. Rf4 Kc7 37. Rd1 Rg5+ 38. Kf3 1-0

[Event "Early-Titled-Tuesday-Blitz-October-24-2023"]
[Site "Chess.com"]
[Date "2023.10.24"]
[Round "3"]
[White "SaqoChess_Twitch"]
[Black "amanjazu"]
[Result "1-0"]
[WhiteElo "2574"]
[BlackElo "2388"]
[TimeControl "180+1"]
[EndTime "8:27:38 PDT"]
[Termination "SaqoChess_Twitch won by resignation"]

1. d4 f5 2. c4 Nf6 3. Nc3 g6 4. Nf3 Bg7 5. g3 O-O 6. Bg2 d6 7. O-O Qe8 8. b3 c6 9. Ba3 h6 10. Re1 Ne4 11. Qc2 Nxc3 12. Qxc3 g5 13. e4 fxe4 14.
Rxe4 Bf5 15. Re3 c5 16. Rae1 Nc6 17. Qd2 cxd4 18. R3e2 Bg4 19. Nxg5 hxg5 20. Bd5+ Kh8 21. Bxd6 Bxe2 22. Rxe2 Qh5 23. Ba3 Ne5 24. Rxe5 Bxe5 25. Bxe7 Bf6 26. Bc5 Qg4 27. h3 Qxh3 28. Bxd4 Qf5 29.
Bxb7 Rad8 30. Bd5 Bxd4 31. Qxd4+ Qf6 32. Qxa7 Qe5 33. Qc5 Qe1+ 34. Kg2 Rxd5 35. Qxf8+ Kh7 36. Qf7+ Kh6 37. Qxd5 g4 38. Qd6+ Kh5 39. Qc5+ Kh6 40. Qe3+ 1-0

[Event "Early-Titled-Tuesday-Blitz-October-24-2023"]
[Site "Chess.com"]
[Date "2023.10.24"]
[Round "3"]
[White "itsdsyr"]
[Black "Nf3c5"]
[Result "1-0"]
[WhiteElo "2284"]
[BlackElo "2620"]
[TimeControl "180+1"]
[EndTime "8:27:38 PDT"]
[Termination "itsdsyr won by resignation"]

1. d4 Nf6 2. c4 e6 3. Nf3 c5 4. Nc3 cxd4 5. Nxd4 b6 6. e4 d6 7. Bd3 Bb7 8. O-O Nbd7 9. f4 g6 10. Be3 a6 11. Rc1 Bg7 12. b3 Nc5 13. f5 e5 14.
Nde2 Nfxe4 15. Nxe4 Nxe4 16. Bxe4 Bxe4 17. Ng3 Bb7 18. Qd2 Qc7 19. Rcd1 O-O-O 20. Qb4 Qc6 21. Rf2 Kc7 22. Rfd2 Bf8 23. Rd5 h5 24. Ne4 Be7 25.
f6 Bf8 26. Ng5 Rd7 27. a4 Bh6 28. a5 bxa5 29. Qxa5+ Kc8 30. h4 Bxg5 31. hxg5 Re8 32. Qb4 e4 33. Rxd6 Rxd6 34. Rxd6 Qc7 35. Bb6 e3 36. Bxc7 e2 37. Qe1 Kxc7 38. Rd2 1-0

[Event "Early-Titled-Tuesday-Blitz-October-24-2023"]
[Site "Chess.com"]
[Date "2023.10.24"]
[Round "3"]
[White "Cayse"]
[Black "Kildepiotr"]
[Result "1/2-1/2"]
[WhiteElo "2869"]
[BlackElo "2663"]
[TimeControl "180+1"]
[EndTime "8:27:39 PDT"]
[Termination "Game drawn - insufficient material"]

1. e4 e6 2. d4 d5 3. e5 c5 4. c3 Nc6 5. Nf3 Bd7 6. Be2 Nge7 7.
Na3 cxd4 8. cxd4 Nf5 9. Nc2 Qb6 10. h4 Rc8 11. h5 Nb4 12. Nxb4 Bxb4+ 13. Kf1 Bb5 14.
a3 Be7 15. g4 Bxe2+ 16. Kxe2 Qb5+ 17. Qd3 Qxd3+ 18. Kxd3 Nh6 19. Rg1 Kd7 20. Bd2 Rc6 21.
Rac1 Rhc8 22. Rxc6 Rxc6 23. Bxh6 gxh6 24. g5 hxg5 25.
Nxg5 Bxg5 26. Rxg5 Rb6 27. b4 Ra6 28. Rg7 Rxa3+ 29. Kd2 Ke7 30. Rxh7 Rb3 31. Rh8 Rxb4 32. Kc3 Rb1 33. h6 Rh1 34. h7 a5 35. f4 Rh3+ 36. Kc2 a4 37. f5 exf5 38. e6 b5 39.
exf7 Kxf7 40. Rd8 Rxh7 41. Rxd5 Kg6 42. Rxb5 Ra7 43. d5 a3 44. Kb1 Kg5 45. d6 Kg4 46. Ka2 f4 47. Rd5 Rd7 48. Kxa3 f3 49. Rd2 Kg3 50.
Kb4 f2 51. Rxf2 Kxf2 52. Kc5 Ke3 53. Kc6 Rd8 54. d7 Ke4 55. Kc7 Rxd7+ 56. Kxd7 1/2-1/2

[Event "Early-Titled-Tuesday-Blitz-October-24-2023"]
[Site "Chess.com"]
[Date "2023.10.24"]
[Round "3"]
[White "SONOFHOLYGOD"]
[Black "shimastream"]
[Result "0-1"]
[WhiteElo "2509"]
[BlackElo "2976"]
[TimeControl "180+1"]
[EndTime "8:27:39 PDT"]
[Termination "shimastream won on time"]

1. d4 Nf6 2. c4 e6 3. Nf3 a6 4. g3 b5 5. b3 Bb7 6. Bg2 Be7 7.
O-O O-O 8. a4 bxc4 9. bxc4 Nc6 10. a5 Rb8 11. Qa4 d5 12. c5 Ne4 13. Bf4 Bf6 14. Rd1 Ba8 15. Bd2 Rb2 16. e3 e5 17.
Ra2 Rxa2 18. Qxa2 exd4 19. Nxd4 Nxd4 20. exd4 Nxf2 21. Kxf2 Bxd4+ 22. Ke2 Qf6 23. Bf4 Re8+ 24. Kd2 g5 25. Bxd5 gxf4 26. Bxa8 Rxa8 27. Qd5 Rd8 28. Qh5 f3 29. Kc2 f2 30. Rf1 Rb8 31. Qg4+ Kf8 32.
Nd2 Rb2+ 33. Kd3 Bxc5 34. Qc8+ Kg7 35. Qg4+ Qg6+ 36. Qxg6+ hxg6 37. Ne4 Ba7 38. h4 Rb3+ 39. Ke2 Re3+ 40. Kxf2 Rxe4+ 41. Kg2 Ra4 42. Rc1 Ra2+ 43.
Kh3 Rxa5 44. Rc6 Bb6 45. g4 Rc5 0-1

[Event "Early-Titled-Tuesday-Blitz-October-24-2023"]
[Site "Chess.com"]
[Date "2023.10.24"]
[Round "3"]
[White "Carow-Kann"]
[Black "sebastianmarinp"]
[Result "1-0"]
[WhiteElo "2627"]
[BlackElo "2414"]
[TimeControl "180+1"]
[EndTime "8:27:39 PDT"]
[Termination "Carow-Kann won on time"]

1. d4 d6 2. c4 g6 3. e4 Bg7 4.
Nc3 Nc6 5. Nge2 e5 6. Be3 exd4 7. Nxd4 Nge7 8. Be2 O-O 9. O-O a6 10. Re1 Bd7 11. Qd2 Re8 12. Rad1 Ne5 13. f3 N7c6 14.
Nb3 Be6 15. Nd5 a5 16. Bg5 f6 17.
Bh4 a4 18. Na1 Rf8 19. Nc2 Qd7 20. f4 Ng4 21. Bf3 Rae8 22. Na3 f5 23. Bxg4 fxg4 24.
Nb5 Rc8 25. Qc2 Kh8 26. Bf2 Ne7 27. Nxe7 Qxe7 28. Be3 Qf7 29. Rc1 Ra8 30. Rf1 Rfd8 31. Nd4 Bd7 32. f5 gxf5 33. exf5 Be5 34. Rcd1 Rg8 35.
Bf4 Bxf4 36. Rxf4 g3 37. Qc3 Qf6 38. hxg3 Rae8 39. g4 Re5 40. Nf3 1-0

[Event "Early-Titled-Tuesday-Blitz-October-24-2023"]
[Site "Chess.com"]
[Date "2023.10.24"]
[Round "3"]
[White "Payyappat"]
[Black "Sofia_Blokhin"]
[Result "1-0"]
[WhiteElo "2497"]
[BlackElo "2237"]
[TimeControl "180+1"]
[EndTime "8:27:39 PDT"]
[Termination "Payyappat won on time"]

1. e4 c5 2. Nf3 d6 3. d4 cxd4 4. Nxd4 a6 5. Nc3 Nf6 6. h4 e5 7.
Nb3 Be7 8. f4 exf4 9. Bxf4 Nc6 10. Qd2 Qc7 11. O-O-O Ne5 12. Be2 O-O 13. Rhg1 Be6 14. g4 b5 15. g5 Nfd7 16. h5 b4 17.
Nd5 Bxd5 18. exd5 a5 19. Nd4 Qc5 20. Nf5 Rfe8 21. g6 fxg6 22. hxg6 Nxg6 23. Bh6 Bf6 24. Bd3 Nde5 25. Be3 Qc7 26. Kb1 Rac8 27. Bd4 Nf3 28. Qf2 Nxd4 29. Nxd4 Qc5 30. Bf5 Bxd4 31. Rxd4 Rc7 32.
Rd2 Rce7 33. Qxc5 Re1+ 34. Rd1 Rxd1+ 35. Rxd1 dxc5 36. d6 Rd8 37. a3 Kf7 38. d7 Ke7 39.
Re1+ Kf6 40. Re8 1-0

[Event "Early-Titled-Tuesday-Blitz-October-24-2023"]
[Site "Chess.com"]
[Date "2023.10.24"]
[Round "3"]
[White "Tejas_Rama"]
[Black "Byniolus"]
[Result "1-0"]
[WhiteElo "2552"]
[BlackElo "2794"]
[TimeControl "180+1"]
[EndTime "8:27:40 PDT"]
[Termination "Tejas_Rama won on time"]

1. d4 d6 2. Nf3 Bg4 3. e3 Nf6 4. c4 c6 5. Nc3 Nbd7 6. Be2 e5 7. e4 Be7 8. O-O O-O 9. Be3 Re8 10. d5 a6 11. b4 Qb8 12. Nd2 Bxe2 13. Qxe2 Rc8 14. Rfc1 Bd8 15. Rab1 b5 16. dxc6 Rxc6 17. cxb5 axb5 18. Nxb5 Rxc1+ 19. Rxc1 Rxa2 20. Qc4 Ra8 21. Qc6 Be7 22. Ba7 Qf8 23. Nc4 Rc8 24. Qb7 h5 25. Rc3 g6 26. Ne3 Rxc3 27. Nxc3 Qe8 28.
b5 Nc5 29. Bxc5 dxc5 30. b6 Qd8 31. Ned5 Nxd5 32. Nxd5 Bd6 33. Qc6 Kg7 34. b7 h4 35. h3 Qb8 36. Qc8 Qa7 37. Qa8 Qb8 38.
Nb6 Qc7 39. Nd5 Qb8 40. Nb6 Qc7 41. Nc4 Be7 42. b8=Q 1-0

[Event "Early-Titled-Tuesday-Blitz-October-24-2023"]
[Site "Chess.com"]
[Date "2023.10.24"]
[Round "3"]
[White "Makswolf200817"]
[Black "adotand"]
[Result "0-1"]
[WhiteElo "2650"]
[BlackElo "2852"]
[TimeControl "180+1"]
[EndTime "8:27:41 PDT"]
[Termination "adotand won on time"]

1. d4 Nf6 2. c4 g6 3. g3 Bg7 4. Bg2 O-O 5. Nc3 c5 6. d5 d6 7. Nf3 e6 8. O-O exd5 9. cxd5 Re8 10. Bf4 h6 11. Re1 g5 12. Bd2 Bf5 13. h4 g4 14.
Nh2 h5 15. Nf1 a6 16. a4 Nbd7 17. Bf4 Ne5 18. Ne3 Bg6 19. Qd2 Nfd7 20. a5 Qe7 21. Bg5 Qf8 22. Ra4 Rac8 23. Be4 c4 24. Bxg6 fxg6 25.
Ng2 Nc5 26. Rb4 Ncd3 27. Ne4 c3 28. bxc3 Nxb4 29. cxb4 Nc4 30. Qd3 Nb2 31. Qb1 Rc4 32. Nd2 Rxb4 33. Nf4 Qf5 34. e4 Qf7 35. Nf1 Rb5 36.
Qc2 Rc5 37. Qb3 Nc4 38. Ne6 Rxe6 39. dxe6 Qxe6 40. Qxb7 Rxa5 41. Rc1 Rc5 42. Qxa6 Qxe4 43. Qa7 Ne5 44. Nh2 Rxc1+ 45. Bxc1 Qe1+ 46. Kg2 Qxc1 47. Qb8+ Kh7 48. Qxd6 Qb1 49. Qd5 Nd3 50. Qe6 Ne1+ 51.
Kf1 Nf3+ 0-1

[Event "Early-Titled-Tuesday-Blitz-October-24-2023"]
[Site "Chess.com"]
[Date "2023.10.24"]
[Round "3"]
[White "alacritous"]
[Black "Vesper2018"]
[Result "0-1"]
[WhiteElo "2249"]
[BlackElo "2580"]
[TimeControl "180+1"]
[EndTime "8:27:41 PDT"]
[Termination "Vesper2018 won by checkmate"]

1. e4 c5 2. Nc3 d6 3. f4 Nc6 4. Bb5 g6 5. Nf3 Bg7 6. d3 Bd7 7. O-O Nd4 8. Bxd7+ Qxd7 9. Nxd4 cxd4 10. Ne2 e6 11. f5 O-O-O 12. fxe6 fxe6 13. c3 dxc3 14. bxc3 Nf6 15. Rb1 Rhf8 16. Nd4 e5 17. Nb3 Ng4 18. Na5 b6 19. Nc4 Rxf1+ 20. Qxf1 Rf8 21. Qe1 d5 22. Ne3 dxe4 23. Nxg4 Qxg4 24. dxe4 Qe6 25. Ba3 Rd8 26. Rd1 Rxd1 27. Qxd1 Qxa2 28. Be7 Qe6 29. Qd8+ Kb7 30. Bb4 a5 31. Bd6 Bh6 32. Qb8+ Ka6 33. Bxe5 Be3+ 34. Kh1 Qc6 35. h3 Qxe4 36. Qc8+ Kb5 37. Qd7+ Kc4 38. Qc7+ Kd3 39. Qd6+ Ke2 40. c4 Qb1+ 41. Kh2 Qg1+ 42.
Kg3 Bf2+ 43. Kg4 Qxg2+ 44. Kf4 Qg3+ 45. Ke4 Qf3# 0-1

[Event "Early-Titled-Tuesday-Blitz-October-24-2023"]
[Site "Chess.com"]
[Date "2023.10.24"]
[Round "3"]
[White "N4700000"]
[Black "diamonds13"]
[Result "1-0"]
[WhiteElo "2538"]
[BlackElo "2293"]
[TimeControl "180+1"]
[EndTime "8:27:42 PDT"]
[Termination "N4700000 won on time"]

1. e4 c5 2. Nf3 Nc6 3. Bb5 g6 4.
O-O Bg7 5. c3 a6 6. Bxc6 dxc6 7.
d4 cxd4 8. cxd4 Bg4 9. Be3 e5 10.
d5 cxd5 11. exd5 Ne7 12. Nc3 O-O 13. h3 Bxf3 14. Qxf3 Nf5 15. Rfd1 Nd6 16. Bc5 f5 17. Na4 b5 18. Qa3 Nc4 19. Qb4 Rf7 20. b3 Rc8 21. bxc4 bxa4 22. Bb6 Qe8 23. c5 e4 24. Rac1 f4 25. c6 e3 26. fxe3 fxe3 27. Re1 Qe5 28. d6 Rcf8 29. Rxe3 Qf5 30. d7 Bh6 31. Rf3 Qg5 32.
Rcf1 Rxf3 33. Rxf3 Rxf3 34. d8=Q+ Qxd8 35. Bxd8 Be3+ 36.
Kh2 Bf4+ 37. g3 Rf2+ 38. Kg1 Be3 39. Qc4+ Kg7 40. Qc3+ Rf6+ 41. Kg2 Bd4 42. Qxd4 1-0

[Event "Early-Titled-Tuesday-Blitz-October-24-2023"]
[Site "Chess.com"]
[Date "2023.10.24"]
[Round "3"]
[White "Chessmissile07"]
[Black "DanielTitichoca"]
[Result "0-1"]
[WhiteElo "2913"]
[BlackElo "2636"]
[TimeControl "180+1"]
[EndTime "8:27:43 PDT"]
[Termination "DanielTitichoca won on time"]

1. e4 c5 2. Nc3 Nc6 3. Bb5 Nd4 4. Bc4 g6 5. Nf3 Bg7 6. Nxd4 cxd4 7. Qf3 e6 8. Nb5 d5 9. exd5 a6 10. dxe6 fxe6 11.
Na3 Nf6 12. d3 O-O 13. O-O Nd5 14. Qg3 b5 15. Bb3 Bb7 16. Bd2 Rf5 17. Rae1 Qd7 18. c4 dxc3 19. bxc3 Re8 20. c4 Nf6 21. cxb5 axb5 22.
Nc2 Bd5 23. Ne3 Nh5 24. Qh3 Nf4 25. Qg3 Nh5 26. Qg4 Bxb3 27. axb3 Rf4 28. Qh3 Qxd3 29.
Ba5 Qxb3 30. Rb1 Qa4 31. Bc7 Rf7 32. Bg3 e5 33. Qg4 Nf4 34. Bxf4 Qxf4 35. Qe2 b4 36. Nd5 Qd4 37. Nxb4 e4 38. Nc2 Qd3 39. Rfe1 Qc3 40.
Ne3 Rc8 41. h3 Bd4 42. Rbd1 Rcf8 0-1

[Event "Early-Titled-Tuesday-Blitz-October-24-2023"]
[Site "Chess.com"]
[Date "2023.10.24"]
[Round "3"]
[White "Road2GM3000"]
[Black "NovoselovRoman"]
[Result "0-1"]
[WhiteElo "2387"]
[BlackElo "2571"]
[TimeControl "180+1"]
[EndTime "8:27:43 PDT"]
[Termination "NovoselovRoman won by checkmate"]

1. d4 Nf6 2. c4 e6 3. Nc3 Bb4 4. Nf3 b6 5. Bg5 Bb7 6. e3 h6 7. Bh4 O-O 8. Bd3 d5 9. cxd5 exd5 10.
O-O Nbd7 11. Ne5 Be7 12. f4 Ne4 13. Bxe7 Qxe7 14. Qc2 Nxe5 15. fxe5 Ng5 16. Rac1 c5 17. Nb5 Ba6 18. Nd6 Bxd3 19. Qxd3 f6 20. Nf5 Qe6 21. exf6 Rxf6 22. Ng3 Rxf1+ 23. Rxf1 Re8 24. Re1 c4 25. Qc2 b5 26. a4 b4 27. h4 Nf7 28.
Qe2 Nd6 29. Qh5 Kh7 30. Kh2 g6 31. Qe2 Qf6 32. Kh3 Ne4 33. Rf1 Qe6+ 34. Kh2 Nxg3 35.
Kxg3 Qd6+ 36. Kh3 Re4 37. Rf7+ Kg8 38. Qf3 Qe6+ 39. Kh2 Qxf7 40. Qh3 Qf5 41. Qg3 Qe6 42. Qb8+ Kg7 43. Qxa7+ Qe7 44. Qa8 Qd7 45. a5 Rxe3 46. a6 Qd6+ 47. Kg1 Qf6 48. Qb7+ Re7 49. Qxd5 Re1+ 50.
Kh2 Qxh4# 0-1

[Event "Early-Titled-Tuesday-Blitz-October-24-2023"]
[Site "Chess.com"]
[Date "2023.10.24"]
[Round "3"]
[White "Resignify"]
[Black "ssgm49"]
[Result "1-0"]
[WhiteElo "2304"]
[BlackElo "1834"]
[TimeControl "180+1"]
[EndTime "8:27:43 PDT"]
[Termination "Resignify won on time"]

1. e4 e5 2. Nf3 Nc6 3. Bb5 a6 4. Ba4 Nf6 5. O-O b5 6. Bb3 Bc5 7. Re1 O-O 8. c3 d6 9. d3 h6 10.
Nbd2 Re8 11. Nf1 d5 12. exd5 Nxd5 13. d4 Bb6 14. Ng3 Nf4 15. dxe5 Qxd1 16. Rxd1 Ng6 17. Bd5 Bb7 18. Kf1 Rad8 19. Bb3 Rxd1+ 20. Bxd1 Ncxe5 21. Nxe5 Nxe5 22. Bf4 Nd3 23. Bd2 Nxf2 24. Bf3 Bxf3 25.
gxf3 Nd3 26. b3 Ne5 27. Re1 Kf8 28. Kg2 Ng6 29. Rxe8+ Kxe8 30. Nf5 Kf8 31. Kg3 Ne5 32. Bf4 Nd3 33. Bd2 h5 34. Nd4 g6 35. Nc6 1-0

[Event "Early-Titled-Tuesday-Blitz-October-24-2023"]
[Site "Chess.com"]
[Date "2023.10.24"]
[Round "3"]
[White "spotbet"]
[Black "Ural_bogatyr"]
[Result "0-1"]
[WhiteElo "2321"]
[BlackElo "2552"]
[TimeControl "180+1"]
[EndTime "8:27:44 PDT"]
[Termination "Ural_bogatyr won by resignation"]

1. e4 e5 2. f4 d5 3. exd5 exf4 4. Nf3 Nf6 5. Bc4 Nxd5 6. O-O Be7 7. Nc3 Nxc3 8.
bxc3 O-O 9. d4 Bd6 10. Ne1 Qh4 11. Qf3 Bg4 12. Qxb7 f3 13. g3 Bxg3 14. hxg3 Qxg3+ 15. Kh1 f2 16. Rxf2 Qxf2 17. Ba3 Re8 18. Qxa8 c6 19. Be7 Qg3 20. Qb7 Nd7 21. Qxc6 Rxe7 22. Qg2 Rxe1+ 23.
Rxe1 Qxe1+ 24. Kh2 Qh4+ 25. Kg1 g6 26. Qd5 Qg3+ 27.
Kf1 Qf3+ 28. Ke1 Qxd5 29. Bxd5 h5 30. c4 h4 31. c5 h3 32. c6 Nb6 33. Bh1 Be6 34. a3 Kf8 35. Kd2 Ke7 36. Ke3 Kd6 37. Kf4 Bd5 38. Bxd5 Kxd5 39. Kg3 Kxc6 40. Kxh3 Kd5 41.
Kg4 Kxd4 42. Kg5 Kc3 43. a4 Nxa4 44. Kf6 Kxc2 0-1

[Event "Early-Titled-Tuesday-Blitz-October-24-2023"]
[Site "Chess.com"]
[Date "2023.10.24"]
[Round "3"]
[White "AljoschaFeuerstack"]
[Black "Nick12772"]
[Result "0-1"]
[WhiteElo "2614"]
[BlackElo "2379"]
[TimeControl "180+1"]
[EndTime "8:27:46 PDT"]
[Termination "Nick12772 won on time"]

1. Nf3 Nf6 2. g3 g6 3. Bg2 Bg7 4. O-O O-O 5. c4 c5 6. Nc3 d5 7. cxd5 Nxd5 8. Qb3 Nc7 9. d3 Nc6 10. Ne4 b6 11. Be3 Rb8 12. Bf4 Bb7 13. Rfd1 Rc8 14. Nxc5 Na5 15. Nxb7 Nxb3 16. Nxd8 Nxa1 17. Nc6 Nd5 18. Rxa1 Rxc6 19. Ne5 Bxe5 20. Bxe5 Rd8 21. Kf1 Rc2 22. Ke1 e6 23. Kd1 Rdc8 24. Bc3 R2xc3 25. bxc3 Nxc3+ 26. Kd2 Nb5 27. Rc1 Rxc1 28. Kxc1 Nc3 29. Kb2 Nxe2 30. Kb3 Nc1+ 31. Kc4 Nxa2 32. d4 Kf8 33. d5 exd5+ 34. Bxd5 Ke7 35. g4 g5 36. Be4 h6 37. Bb1 Nc1 38. Kb5 Nb3 39. Ka6 Nd2 40. Bd3 Kd6 41. Kxa7 Kc5 42. Ka6 Nb3 43. Bf5 Nd4 44.
Bd3 f6 45. Bf1 Nc6 0-1

[Event "Early-Titled-Tuesday-Blitz-October-24-2023"]
[Site "Chess.com"]
[Date "2023.10.24"]
[Round "3"]
[White "randomo"]
[Black "ATM622"]
[Result "0-1"]
[WhiteElo "2277"]
[BlackElo "2409"]
[TimeControl "180+1"]
[EndTime "8:27:46 PDT"]
[Termination "ATM622 won on time"]

1. e4 c6 2. c4 d5 3. cxd5 cxd5 4. exd5 Nf6 5. Bb5+ Bd7 6. Bc4 b5 7. Bb3 Na6 8. d4 g6 9. Nf3 Bg7 10. d6 exd6 11.
Qe2+ Qe7 12. Bf4 d5 13. Nc3 Qxe2+ 14. Kxe2 O-O-O 15. Rhc1 Rhe8+ 16. Kf1 Kb7 17. Nxd5 Bc6 18. Nxf6 Bxf6 19. Be5 Bxe5 20. Nxe5 Bd5 21. Bxd5+ Rxd5 22. Nf3 Nb4 23. a4 a6 24. axb5 axb5 25. Re1 Red8 26. Re7+ R8d7 27. Rxd7+ Rxd7 28. Ke2 f5 29. Ra5 Kb6 30. Ra8 Nc2 31. Kd3 Nb4+ 32. Kc3 Nd5+ 33. Kd2 Nf4 34. Rb8+ Ka5 35. g3 Ne6 36. Kc3 Nc7 37.
Nd2 b4+ 38. Kb3 Rxd4 39. Nc4+ Ka6 40. Rb6+ Ka7 41. Rxb4 Nd5 42. Ra4+ Kb8 43. Ne5 Rd2 44. Nc6+ Kc7 45. Nb4 Nxb4 46. Rxb4 Rxf2 47. Rh4 h5 48. Kb4 Rxb2+ 0-1

[Event "Early-Titled-Tuesday-Blitz-October-24-2023"]
[Site "Chess.com"]
[Date "2023.10.24"]
[Round "3"]
[White "Grischuk"]
[Black "Fonsofan"]
[Result "1-0"]
[WhiteElo "2988"]
[BlackElo "2727"]
[TimeControl "180+1"]
[EndTime "8:27:48 PDT"]
[Termination "Grischuk won by resignation"]

1. d4 Nf6 2. c4 d6 3. Nc3 e5 4. Nf3 e4 5. Ng1 c6 6. Bg5 Bf5 7. e3 Nbd7 8. Nge2 Be7 9. Ng3 Bg6 10. h4 h6 11. Bf4 d5 12. h5 Bh7 13. Qb3 Qb6 14.
c5 Qxb3 15. axb3 a6 16. b4 Rc8 17. Nge2 Bd8 18. f3 O-O 19. Ng3 exf3 20. gxf3 Re8 21. Kd2 Bc7 22. Bxc7 Rxc7 23. Bd3 Nf8 24. Bxh7+ N8xh7 25. Nf5 Ng5 26. Raf1 Re6 27. Kd3 Rd7 28. Rh4 Kh7 29.
e4 dxe4+ 30. fxe4 Ng8 31. Nd6 Rexd6 32. cxd6 Rxd6 33. e5 Rd7 34. Ne4 Ne6 35. Nc5 Nxc5+ 36. bxc5 f6 37. Kc4 Rd5 38. Re4 Rd7 39. e6 Rd8 40. e7 Re8 41. Rfe1 g5 42. d5 cxd5+ 43.
Kxd5 f5 44. Re6 f4 45. Kd6 Kg7 46. Kd7 Kf7 47. R1e5 Rb8 48. Rf5+ Kg7 49. Rg6+ Kh7 50. Rf7+ Kh8 51. Rf8 1-0

[Event "Early-Titled-Tuesday-Blitz-October-24-2023"]
[Site "Chess.com"]
[Date "2023.10.24"]
[Round "3"]
[White "Ind1anStar"]
[Black "AsselLesbekova"]
[Result "1-0"]
[WhiteElo "2489"]
[BlackElo "2220"]
[TimeControl "180+1"]
[EndTime "8:27:48 PDT"]
[Termination "Ind1anStar won by checkmate"]

1. e4 e5 2. Nf3 Nf6 3. Nxe5 Nxe4 4. Qe2 Qe7 5. Qxe4 d6 6. d4 dxe5 7. dxe5 Nc6 8. Bf4 g5 9. Bg3 f5 10. Qe2 f4 11. Qh5+ Qf7 12. Qxg5 fxg3 13. hxg3 Bb4+ 14.
c3 Be7 15. Qe3 Qd5 16. f4 Bg4 17. Nd2 Bc5 18. Qd3 Qxd3 19. Bxd3 O-O-O 20. Ne4 Rxd3 21. Nxc5 Re3+ 22. Kf1 b6 23. Nb3 h5 24. Re1 Rxe1+ 25. Kxe1 Kd7 26. Kf2 Ke6 27. Re1 Rd8 28. Ke3 Ne7 29. Nd4+ Kf7 30. Ke4 c5 31. Nb5 Nf5 32. Nxa7 Nxg3+ 33. Ke3 Nf5+ 34. Ke4 Rd2 35. Nc8 Rxb2 36. Nd6+ Ke6 37. Nc4 Rxa2 38. Rb1 Re2+ 39. Kd3 Rxg2 40. Rxb6+ Kd5 41. Ne3+ Nxe3 42. Rd6# 1-0